 Dungeon Crawl Stone Soup version 0.23-a0-49-gd9f7a49 (webtiles) character file.

494 jjfam the Chopper (level 6, 0/56 HPs)
             Began as a Deep Dwarf Fighter on Aug 7, 2018.
             Slain by a gnoll
             ... wielding a +0 halberd
              (7 damage)
             ... on level 5 of the Dungeon.
             The game lasted 00:06:37 (3121 turns).

jjfam the Chopper (Deep Dwarf Fighter)              Turns: 3121, Time: 00:06:38

Health: 0/56       AC:  7    Str: 22      XL:     6   Next: 92%
Magic:  6/6        EV:  8    Int:  8      God:
Gold:   154        SH:  9    Dex:  3 (12) Spells: 5/5 levels left

rFire    . . .     SeeInvis .   a - +0 war axe
rCold    . . .     Gourm    .   c - +0 shield
rNeg     . . .     Faith    .   b - +0 scale mail
rPois    .         Spirit   .   (no helmet)
rElec    .         Reflect  .   (no cloak)
rCorr    .         Harm     .   (no gloves)
MR       .....                  (no boots)
Stlth    ..........             (no amulet)
HPRegen  0.00/turn              (no ring)
MPRegen  0.10/turn              (no ring)

@: non-regenerating
A: damage resistance, heal wounds, sense surroundings 1, no regeneration
a: Heal Wounds


You were on level 5 of the Dungeon.
You were hungry.

You visited 1 branch of the dungeon, and saw 5 of its levels.

You collected 154 gold pieces.

Inventory:

Hand Weapons
 a - a +0 war axe (weapon)
Armour
 b - a +0 scale mail (worn)
 c - a +0 shield (worn)
Wands
 r - a wand of iceblast (6)
Scrolls
 h - 4 scrolls of remove curse {unknown}
 i - 3 scrolls of identify {unknown}
 j - 2 scrolls of amnesia {unknown}
 k - 3 scrolls of immolation {unknown}
 l - a scroll of teleportation {unknown}
 m - 2 scrolls of enchant armour {unknown}
 n - a scroll of magic mapping {unknown}
 q - a scroll of enchant weapon {unknown}
Potions
 d - a potion of might
 e - a potion of curing {unknown}
 o - a potion of agility {unknown}
 p - 2 potions of heal wounds {unknown}
 s - a potion of cancellation {unknown}
Comestibles
 f - 5 rations


   Skills:
 + Level 3.5 Fighting
 + Level 5.3 Axes
 + Level 5.2 Armour
 + Level 1.5 Dodging
 + Level 0.8 Stealth
 + Level 4.4 Shields
 + Level 0.4 Evocations


You had 5 spell levels left.
You didn't know any spells.
Your spell library contained the following spells:

 Spells                   Type           Power        Failure   Level  Hunger
 Apportation              Tloc           #.....       99%         1    ##.....
 Summon Small Mammal      Summ           #...         99%         1    ##.....
 Animate Skeleton         Necr           N/A          99%         1    ##.....
 Confusing Touch          Hex            #.....       99%         1    ##.....


Dungeon Overview and Level Annotations

Branches:
Dungeon (5/15)
 Temple: D:4-7

Altars:
Fedhas
Kikubaaqudgha
Okawaru
Qazlal
Ru
Sif Muna
Vehumet
Wu Jian

Annotations:
D:3 exclusion: oklob plant


Innate Abilities, Weirdness & Mutations

You are resistant to damage.
You can heal yourself by infusing magical energy.
You passively map a small area around you.
You do not regenerate.


Message History

You closely miss the quasit.
The quasit is severely wounded.
The quasit bites you but does no damage.
The quasit claws you but does no damage.
You block the quasit's attack. The gnoll barely misses you. x2
The quasit bites you but does no damage.
The quasit claws you but does no damage.
You block the quasit's attack. The gnoll barely misses you.
You fail to use your ability.
The gnoll hits you but does no damage.
The quasit bites you but does no damage.
The quasit closely misses you.
The quasit claws you but does no damage.
The gnoll hits you from afar with a spear.
* * * LOW HITPOINT WARNING * * *
You closely miss the quasit.
The quasit is severely wounded.
The quasit bites you but does no damage.
The quasit claws you but does no damage. x2
The gnoll hits you from afar with a halberd!
You die...

, * * , , * *
* , ** , * *
** * , * #
#.##########.#
#....5g).....#
.....gg5@....#
##############
* * *


You could see a quasit, 3 gnolls and a shadow imp.

Vanquished Creatures
  2 ogres
  An orc priest (D:4)
  A centaur skeleton (D:4)
  An orc wizard (D:4)
  A gnoll shaman (D:5)
  A worker ant (D:5)
  2 gnolls (D:5)
  5 adders
  2 oozes
  2 dart slugs
  3 leopard geckos
  8 orcs
  6 giant cockroaches
  12 goblins
  9 hobgoblins
  6 jackals
  2 quokkas
  A ball python (D:3)
  12 bats
  7 frilled lizards
  9 kobolds
  A quokka skeleton (D:4)
  14 rats
108 creatures vanquished.

Notes
Turn   | Place    | Note
-------+----------+-------------------------------------------
     0 | D:1      | jjfam the Deep Dwarf Fighter began the quest for the Orb.
     0 | D:1      | Reached XP level 1. HP: 20/20 MP: 1/1
    61 | D:1      | Reached XP level 2. HP: 27/27 MP: 2/2
   534 | D:1      | Reached XP level 3. HP: 32/34 MP: 3/3
  1102 | D:2      | Found an iron altar of Okawaru.
  1173 | D:2      | Reached XP level 4. HP: 33/42 MP: 4/4
  1270 | D:2      | Found a radiant altar of Vehumet.
  1289 | D:2      | Found a stormy altar of Qazlal.
  1293 | D:2      | Found an ancient bone altar of Kikubaaqudgha.
  1703 | D:3      | Found a deep blue altar of Sif Muna.
  1928 | D:3      | Reached XP level 5. HP: 44/49 MP: 5/5
  2082 | D:3      | Found a blossoming altar of Fedhas.
  2100 | D:3      | Noticed an oklob plant
  2388 | D:4      | Found a sacrificial altar of Ru.
  2714 | D:4      | Noticed an ogre
  2721 | D:4      | Killed an ogre
  2721 | D:4      | Reached skill level 1 in Dodging
  2721 | D:4      | Reached XP level 6. HP: 45/56 MP: 6/6
  2928 | D:4      | Found an ornate altar of the Wu Jian Council.
  3083 | D:5      | Entered Level 5 of the Dungeon
  3090 | D:5      | Reached skill level 5 in Axes
  3104 | D:5      | Reached skill level 5 in Armour
  3121 | D:5      | Slain by a gnoll

Vault maps used:
D:1:      evilmike_arrival_plus, minivault_4, minmay_tromino_v4_a
D:2:      lemuel_coloured_pillars_altar, vehumet_crystals,
          grunt_temple_overflow_open
D:3:      lemuel_crystal_altar, hangedman_abyss_or_decor_stabs,
          grunt_ministairs_3, serial_bayou_pond_b, tgw_fedhas
D:4:      marbit_many_paths, minivault_1, nicolae_ru_path_of_blood
D:5:      dancing_weapons_uskayaw, first_ration

Skill      XL: |  1  2  3  4  5  6 |
---------------+-------------------+-----
Fighting       | 3 |  3.5
Armour         | 4 5 |  5.2
Axes           | 3 4 5 |  5.3
Shields        | 4 |  4.4
Dodging        | 1 |  1.5
Stealth        | |  0.8
Evocations     | |  0.4

Action                   |  1- 3 |  4- 6 || total
-------------------------+-------+-------++-------
Melee: War axe           |   121 |   140 ||   261
 Abil: Heal Wounds       |       |     2 ||     2
Evoke: Wand              |       |     5 ||     5
  Eat: Chunk             |     1 |     6 ||     7
Armor: Scale mail        |    49 |   153 ||   202
Dodge: Dodged            |    43 |   115 ||   158
Block: Shield            |    66 |   136 ||   202

Table legend:
 A = Spawn XP
 B = Non-spawn XP
 C = Spawn XP percentage of total XP
 D = Spawn monster count
 E = Non-spawn monster count
 F = Spawn count percentage of total count
 G = Total turns spent on level
                    A         B        C        D         E        F      G
               +---------+---------+-------+---------+---------+-------+---------
         Total |       0 |     706 |   0.0 |       0 |     108 |   0.0 |  3121
               +---------+---------+-------+---------+---------+-------+---------
           D:1 |       0 |      45 |   0.0 |       0 |      29 |   0.0 |   873
           D:2 |       0 |      59 |   0.0 |       0 |      24 |   0.0 |   719
           D:3 |       0 |     122 |   0.0 |       0 |      38 |   0.0 |   731
           D:4 |       0 |     266 |   0.0 |       0 |      12 |   0.0 |   760
           D:5 |       0 |     214 |   0.0 |       0 |       5 |   0.0 |    38
               +---------+---------+-------+---------+---------+-------+---------
